 Dungeon Crawl Stone Soup version 0.22-a0-445-g8c8ef71 (webtiles) character file.

11181 4thArraOfDagon the Martial Artist (level 12, -14/81 HPs)
             Began as a Halfling Monk on June 2, 2018.
             Was a High Priest of the Shining One.
             Demolished by a two-headed ogre
             ... wielding a +0 dire flail
              (20 damage)
             ... on level 11 of the Dungeon.
             The game lasted 00:22:48 (5369 turns).

4thArraOfDagon the Martial Artist (Halfling Monk)   Turns: 5369, Time: 00:22:48

Health: -14/81     AC:  7    Str: 12    XL:     12   Next: 4%
Magic:  17/17      EV: 22    Int: 12    God:    the Shining One [*****.]
Gold:   527        SH:  0    Dex: 18    Spells: 5/17 levels left

rFire    . . .     SeeInvis .     - Unarmed
rCold    . . .     Gourm    .   (shield restricted)
rNeg     + + .     Faith    .   a - +0 robe
rPois    .         Spirit   .   t - +1 helmet
rElec    .         Reflect  .   s - scarf {cloud immunity}
rCorr    .         Harm     .   (no gloves)
MR       .....                  (no boots)
Stlth    +.........             (no amulet)
HPRegen  0.23/turn              (no ring)
MPRegen  0.15/turn              d - +3 ring of protection

@: glowing
A: small, mutation resistance 1
a: Divine Shield, Cleansing Flame, Summon Divine Warrior, Renounce Religion


You were on level 11 of the Dungeon.
You worshipped the Shining One.
The Shining One was extremely pleased with you.
You were not hungry.

You visited 1 branch of the dungeon, and saw 12 of its levels.

You collected 527 gold pieces.

Inventory:

Armour
 a - a +0 robe (worn)
 s - a scarf of cloud immunity (worn)
 t - a +1 helmet (worn)
 x - a +1 robe of fire resistance
 B - a +2 robe of magic resistance
Magical Staves
 v - an uncursed staff of cold
 z - an uncursed staff of wizardry {!a}
Jewellery
 d - a +3 ring of protection (right hand)
 g - a +3 ring of intelligence
 y - an uncursed ring of fire
Wands
 c - a wand of enslavement (10)
 A - a wand of digging (11)
 F - a wand of acid (2)
Scrolls
 h - 2 scrolls of enchant weapon
 i - 4 scrolls of enchant armour {unknown}
 j - 7 scrolls of teleportation {unknown}
 k - a scroll of noise {unknown}
 l - 2 scrolls of random uselessness {unknown}
 n - 2 scrolls of magic mapping
 o - 7 scrolls of remove curse
 p - a scroll of summoning
 r - a scroll of fog
Potions
 e - a potion of degeneration {unknown}
 f - a potion of ambrosia {unknown}
 m - a potion of magic
 q - a potion of flight {unknown}
 u - 2 potions of curing
 w - a potion of brilliance {unknown}
 C - a potion of berserk rage
 D - 2 potions of might
 E - 2 potions of agility
Comestibles
 b - 15 rations


   Skills:
 - Level 7.1 Fighting
 - Level 9.3 Dodging
 - Level 2.1 Stealth
 * Level 11.0 Unarmed Combat
 + Level 3.1 Spellcasting
 * Level 4.2 Transmutations
 - Level 7.0 Invocations


You had 5 spell levels left.
You knew the following spells:

 Your Spells              Type           Power        Failure   Level  Hunger
a - Dragon Form           Tmut           ##........   100%        7    #######
b - Blade Hands           Tmut           ##........   75%         5    ######.

Your spell library contained the following spells:

 Spells                   Type           Power        Failure   Level  Hunger
 Cause Fear               Hex            #.........   94%         4    #####..
 Bolt of Fire             Conj/Fire      #.........   100%        6    #######
 Animate Dead             Necr           N/A          94%         4    #####..
 Pain                     Necr           #...         24%         1    #......
 Animate Skeleton         Necr           N/A          24%         1    #......
 Vampiric Draining        Necr           #.........   58%         3    ###....
 Regeneration             Chrm/Necr      #.........   58%         3    ###....
 Spider Form              Tmut/Pois      #.........   30%         3    ###....
 Ice Form                 Ice/Tmut       #.......     69%         4    #####..
 Flame Tongue             Conj/Fire      #....        24%         1    #......
 Sticks to Snakes         Tmut           ##......     6%          2    ###....
 Beastly Appendage        Tmut           ##....       4%          1    #......
 Dragon's Call            Summ           #.........   100%        9    #######


Dungeon Overview and Level Annotations

Branches:
Dungeon (12/15)
 Temple: D:4-7         Lair: D:8-11         Orc: D:9-12

Altars:
Cheibriados
Gozag
Hepliaklqana
Nemelex Xobeh
The Shining One

Annotations:
D:3 Curus's ghost, amateur MfTm
D:4 tstbtto's ghost, novice MfBe
D:8 LAIr


Innate Abilities, Weirdness & Mutations

You are small and have problems with some larger weapons.
You are somewhat resistant to further mutation.


Message History

The two-headed ogre is moderately wounded.
You hit the two-headed ogre. You punch the two-headed ogre.
The two-headed ogre is heavily wounded.
The two-headed ogre hits you with a dire flail!
The two-headed ogre hits you with a giant spiked club!
* * * LOW HITPOINT WARNING * * *
Unknown command.
Things that are here:
a glaive; a plate armour; an orc corpse You see here a dagger.
You punch the two-headed ogre!
The two-headed ogre is severely wounded.
The two-headed ogre barely misses you.
The two-headed ogre hits you with a giant spiked club!!
* * * LOW HITPOINT WARNING * * *
You punch the two-headed ogre!
The two-headed ogre is almost dead.
The adder closely misses you. The two-headed ogre misses you.
The two-headed ogre hits you with a giant spiked club!!
You die...

....#......#..#......#..##.....##
#####..#####..#####..######.....#
#......#..#......# #...#..
#......#..#......# #...##.
#####..#..#.S####### #...##.
#......#..#......#.# ##......
###......#..#......#.###.......
##.#.)#####..#####..#..#.......#
##..#......)....@O)..#.........##
#<..#............S...##.......##
....##################........#
.........>####....>#..........###
......##...............##........
......................##.........
................###..##..........
.........##...#####..#...........
.........#.....# #...............


You could see a two-headed ogre and an adder.

Vanquished Creatures
  2 two-headed ogres
  2 unseen horrors
  A centaur skeleton (D:11)
  A troll (D:9)
  2 hornets (D:12)
  Prince Ribbit (D:9)
  2 hippogriffs
  Sigmund (D:2)
  2 wyverns
  12 yaks
  2 steam dragons
  2 hungry ghosts
  A soldier ant (D:11)
  3 orc warriors (D:11)
  A sky beast (D:8)
  A phantom (D:8)
  An ice beast (D:10)
  3 ogres
  8 centaurs
  A big kobold (D:11)
  5 bullfrogs
  3 scorpions
  A killer bee (D:7)
  12 wights
  A howler monkey (D:9)
  4 crimson imps
  A hound (D:6)
  A jelly (D:9)
  A quasit (D:12)
  3 orc priests
  2 bullfrog skeletons (D:12)
  4 iguanas
  Natasha (twice) (D:2)
  5 orc wizards
  6 worker ants
  13 adders
  3 shadow imps
  An ooze (D:2)
  2 adder skeletons
  2 worms
  2 dart slugs
  7 leopard geckos
  24 orcs
  6 bats
  3 giant cockroaches
  3 goblins (D:1)
  6 hobgoblins
  6 jackals
  4 kobolds
  3 quokkas
  2 ball pythons
  5 frilled lizards
  2 quokka skeletons
  3 rats
197 creatures vanquished.

Notes
Turn   | Place    | Note
-------+----------+-------------------------------------------
     0 | D:1      | 4thArraOfDagon the Halfling Monk began the quest for the Orb.
     0 | D:1      | Reached XP level 1. HP: 15/15 MP: 1/1
    81 | D:1      | Reached XP level 2. HP: 13/20 MP: 2/2
   177 | D:2      | Reached XP level 3. HP: 9/25 MP: 3/3
   277 | D:2      | Noticed Sigmund
   278 | D:2      | Found a glowing golden altar of the Shining One.
   292 | D:2      | Reached skill level 3 in Unarmed Combat
   321 | D:2      | Became a worshipper of the Shining One
   321 | D:2      | Reached * piety under the Shining One
   321 | D:2      | Reached ** piety under the Shining One
   329 | D:2      | Killed Sigmund
   329 | D:2      | Reached skill level 4 in Unarmed Combat
   329 | D:2      | Reached XP level 4. HP: 25/31 MP: 4/4
   329 | D:2      | Reached XP level 5. HP: 30/36 MP: 5/5
   389 | D:2      | Reached XP level 6. HP: 39/42 MP: 6/6
   615 | D:2      | Noticed Natasha
   637 | D:2      | Killed Natasha
   637 | D:2      | Reached skill level 1 in Invocations
   713 | D:2      | Noticed Natasha
   747 | D:3      | Reached skill level 5 in Dodging
   897 | D:2      | Killed Natasha
  1116 | D:3      | Reached XP level 7. HP: 42/46 MP: 6/8
  1190 | D:4      | Noticed tstbtto's ghost (novice MfBe)
  1225 | D:3      | Noticed Curus's ghost (amateur MfTm)
  1322 | D:4      | Reached skill level 5 in Unarmed Combat
  1645 | D:5      | Entered Level 5 of the Dungeon
  1828 | D:5      | Found a sparkling altar of Nemelex Xobeh.
  1878 | D:5      | Found an opulent altar of Gozag.
  1878 | D:5      | Reached *** piety under the Shining One
  1885 | D:5      | Reached XP level 8. HP: 24/52 MP: 5/10
  2127 | D:6      | Found a hazy altar of Hepliaklqana.
  2441 | D:8      | Reached skill level 6 in Unarmed Combat
  2503 | D:7      | Reached skill level 9 in Unarmed Combat
  2503 | D:7      | Reached XP level 9. HP: 54/63 MP: 10/14
  2643 | D:8      | Noticed a two-headed ogre
  2747 | D:9      | Noticed a gargoyle
  2888 | D:9      | Noticed a troll
  2900 | D:9      | Killed a troll
  2929 | D:9      | Noticed Prince Ribbit
  2941 | D:9      | Killed Prince Ribbit
  2941 | D:9      | Reached XP level 10. HP: 43/69 MP: 10/15
  3004 | D:9      | Found a snail-covered altar of Cheibriados.
  3072 | D:9      | Reached **** piety under the Shining One
  3185 | D:10     | Entered Level 10 of the Dungeon
  3308 | D:10     | Learned a level 7 spell: Dragon Form
  3610 | D:10     | Noticed a manticore
  4013 | D:11     | Noticed a two-headed ogre
  4018 | D:11     | Reached skill level 1 in Transmutations
  4097 | D:11     | Reached ***** piety under the Shining One
  4124 | D:11     | Reached skill level 1 in Spellcasting
  4132 | D:11     | Reached skill level 10 in Unarmed Combat
  4145 | D:11     | Reached XP level 11. HP: 60/75 MP: 12/16
  4164 | D:11     | Learned a level 5 spell: Blade Hands
  4185 | D:11     | Noticed an unseen horror
  4212 | D:11     | Killed an unseen horror
  4330 | D:11     | Noticed a two-headed ogre
  4428 | D:12     | Noticed an unseen horror
  4453 | D:12     | Killed an unseen horror
  4466 | D:12     | Noticed a brown ugly thing
  4564 | D:12     | Noticed a two-headed ogre
  4576 | D:12     | Killed a two-headed ogre
  5313 | D:11     | Killed a two-headed ogre
  5313 | D:11     | Reached XP level 12. HP: 60/81 MP: 17/17
  5344 | D:11     | Reached skill level 11 in Unarmed Combat
  5349 | D:11     | Noticed a two-headed ogre
  5369 | D:11     | Demolished by a two-headed ogre

Vault maps used:
D:1:      dpeg_arrival_concentric_ovals, minivault_4
D:2:      old_standard_altar, first_ration, minmay_strange_pillars,
          uniq_sigmund, uniq_natasha
D:3:      nemelex_lonely_heart_becter
D:4:      minivault_27
D:5:      old_standard_altar, nicolae_gozag_seed_capital
D:6:      lemuel_round_altar
D:7:      minmay_temple_entry_poolview
D:8:      erik_lair_dragon, uniq_grum
D:9:      lemuel_coloured_pillars_altar, erik_orc_1, serial_shops,
          kennysheep_little_box, uniq_erica, uniq_prince_ribbit1, uniq_psyche,
          uniq_erolcha
D:10:     hangedman_fish_farm, minmay_misc_feat_chi
D:11:     kennysheep_windowed_halls
D:12:     nemelex_xobeh_ov_fountains_minmay, uniq_nessos

Skill      XL: |  1  2  3  4  5  6  7  8  9 10 11 12 |
---------------+-------------------------------------+-----
Fighting       | 3 6 7 |  7.1
Unarmed Combat | 4 5 9 10 11 | 11.0
Dodging        | 4 5 8 9 |  9.3
Invocations    | 1 2 7 |  7.0
Transmutations | 1 4 |  4.2
Spellcasting   | 1 3 |  3.1
Stealth        | |  2.1

Action                   |  1- 3 |  4- 6 |  7- 9 | 10-12 || total
-------------------------+-------+-------+-------+-------++-------
Melee: Unarmed           |    63 |   117 |   267 |   512 ||   959
       Punch             |       |     2 |     8 |    25 ||    35
 Cast: Blade Hands       |       |       |       |     1 ||     1
Invok: Divine Shield     |       |     1 |     1 |     1 ||     3
Evoke: Wand              |     1 |     1 |     9 |    12 ||    23
  Use: Potion            |     1 |     1 |     3 |     1 ||     6
       Scroll            |       |       |    15 |     1 ||    16
 Stab: Sleeping          |     2 |       |       |       ||     2
  Eat: Chunk             |       |       |     5 |     9 ||    14
       Ration            |       |       |     1 |     1 ||     2
Armor: Robe              |     6 |    10 |    36 |    52 ||   104
Dodge: Dodged            |    42 |   106 |   206 |   419 ||   773
Block: Other             |       |     3 |    14 |     6 ||    23

Table legend:
 A = Spawn XP
 B = Non-spawn XP
 C = Spawn XP percentage of total XP
 D = Spawn monster count
 E = Non-spawn monster count
 F = Spawn count percentage of total count
 G = Total turns spent on level
                    A         B        C        D         E        F      G
               +---------+---------+-------+---------+---------+-------+---------
         Total |       0 |   14518 |   0.0 |       0 |     197 |   0.0 |  5369
               +---------+---------+-------+---------+---------+-------+---------
           D:1 |       0 |      33 |   0.0 |       0 |      18 |   0.0 |   269
           D:2 |       0 |     385 |   0.0 |       0 |      27 |   0.0 |   677
           D:3 |       0 |     201 |   0.0 |       0 |      13 |   0.0 |   411
           D:4 |       0 |      74 |   0.0 |       0 |       7 |   0.0 |   310
           D:5 |       0 |     341 |   0.0 |       0 |      13 |   0.0 |   338
           D:6 |       0 |     175 |   0.0 |       0 |      14 |   0.0 |   351
           D:7 |       0 |      64 |   0.0 |       0 |       2 |   0.0 |   154
           D:8 |       0 |     519 |   0.0 |       0 |       7 |   0.0 |   307
           D:9 |       0 |    1522 |   0.0 |       0 |      16 |   0.0 |   368
          D:10 |       0 |    1140 |   0.0 |       0 |      17 |   0.0 |   587
          D:11 |       0 |    5572 |   0.0 |       0 |      41 |   0.0 |  1179
          D:12 |       0 |    4492 |   0.0 |       0 |      22 |   0.0 |   418
               +---------+---------+-------+---------+---------+-------+---------
